 Dungeon Crawl Stone Soup version 0.31-a0-740-g87205ac768 (webtiles) character file.

Game seed: 1894562072448113984

298 Dittersdorf the Covered (level 6, -3/39 HPs)
             Began as a Gargoyle Fighter on Sept 12, 2023.
             Engulfed by a steam dragon's steam (4 damage)
             ... on level 4 of the Dungeon.
             The game lasted 00:04:50 (1913 turns).

Dittersdorf the Covered (Gargoyle Fighter)          Turns: 1913, Time: 00:04:51

Health: -3/39      AC: 14    Str: 22    XL:     6   Next: 35%
Magic:  6/6        EV:  9    Int:  8    God:
Gold:   135        SH:  4    Dex:  9    Spells: 5/5 levels left

rFire   . . .        a - +0 flail
rCold   . . .        c - +0 buckler
rNeg    + . .        b - +0 scale mail
rPois   ∞            p - +0 helmet
rElec   +            q - +0 cloak
rCorr   .            (no gloves)
SInv    .            (no boots)
Will    .....        (no amulet) Stlth
                     f - ring of wizardry
HPRegen 0.26/turn    (no ring)
MPRegen 0.10/turn

%: wizardry (x1)
@: no status effects
A: sickness immunity, AC +4, negative energy resistance 1, electricity
resistance, torment resistance 1, petrification resistance
a: no special abilities


You were on level 4 of the Dungeon.
You visited 1 branch of the dungeon, and saw 4 of its levels.

You collected 135 gold pieces.

Inventory:

Hand Weapons
 a - a +0 flail (weapon)
Armour
 b - a +0 scale mail (worn)
 c - a +0 buckler (worn)
 p - a +0 helmet (worn)
 q - a +0 cloak (worn)
Jewellery
 f - a ring of wizardry (left hand)
Scrolls
 m - 2 scrolls of blinking
Potions
 d - a potion of might
 e - 2 potions of curing
 g - a potion of berserk rage
 i - a potion of brilliance {unknown}
 l - a potion of enlightenment {unknown}
 n - 2 potions of attraction {unknown}
 o - a potion of degeneration {unknown}


   Skills:
 + Level 4.7 Fighting
 + Level 3.6 Maces & Flails
 + Level 4.7 Armour
 + Level 4.7 Shields


You had 5 spell levels left.
You didn't know any spells.
Your spell library contained the following spells:

 Spells                   Type           Power      Damage    Failure   Level
 Lesser Beckoning         Tloc           0%         N/A       58%         2
 Gell's Gravitas          Tloc           0%         N/A       80%         3
 Teleport Other           Tloc           0%         N/A       80%         3
 Dispersal                Tloc           0%         N/A       100%        6


Dungeon Overview and Level Annotations

Branches:
Dungeon (4/15)
 Temple: D:4-7

Altars:

Shops:
D:2 :

Portals:
Sewer: D:4


Innate Abilities, Weirdness & Mutations

You are immune to sickness and miasma.
Your stone body is resilient. (AC +4)
You are immune to poison.
You resist negative energy. (rN+)
You are resistant to electric shocks. (rElec)
You are resistant to unholy torment.
You are immune to petrification.


Message History

The orc wizard is almost dead.
The orc wizard barely misses you.
You hit the orc wizard but do no damage.
The orc wizard is almost dead.
The orc wizard completely misses you.
You sock the orc wizard!
You kill the orc wizard!
Things that are here:
a +0 dagger of holy wrath; a +0 robe You now have 135 gold pieces (gained 10).
Items here: ( ))) [.
You see here a +0 falchion.
You hear the slow rusting of a very distant drain.
An orc comes into view. It is wielding a +0 mace.
The orc shouts!
A steam dragon comes into view.
You block the orc's attack.
You sock the orc!
You kill the orc!
The steam dragon breathes steam at you. The ball of steam hits you.
Things that are here:
a +0 mace; 6 gold pieces The steam dragon breathes steam at you.
The ball of steam hits you!
* * * LOW HITPOINT WARNING * * *
The steam dragon breathes steam at you. The ball of steam misses you.
Found a stone staircase leading down.
The adder hisses angrily.
You hear an angry hiss.
Found a glowing drain.
The steam dragon breathes steam at you. The ball of steam hits you.
* * * LOW HITPOINT WARNING * * *
The steam dragon breathes steam at you. The ball of steam hits you!
* * * LOW HITPOINT WARNING * * *
You open the door.
You are engulfed in a cloud of scalding steam.
You die...

#.........##.........#
####.......>.........#
####..§.D....#
#.........#
#..§§.....#
####..##.#####
.......§§# #######§§#
#~~~BS#@## #~~∩~S'.#
#~~~~~#.# #######.#
........# #########


You could see 2 adders and a giant cockroach.

Vanquished Creatures
  A hound (D:4)
  A jelly (D:4)
  Crazy Yiuf (D:2)
  Natasha (thrice) (D:2)
  2 orc wizards (D:4)
  Robin (D:2)
  An adder (D:2)
  2 dart slugs
  3 orcs (D:4)
  3 ball pythons
  An endoplasm (D:1)
  15 goblins
  7 hobgoblins
  2 jackals (D:2)
  4 quokkas (D:1)
  2 frilled lizards
  8 kobolds
  3 rats (D:2)
60 creatures vanquished.

Notes
Turn   | Place    | Note
-------+----------+-------------------------------------------
     0 | D:1      | Dittersdorf the Gargoyle Fighter began the quest for the
                  | Orb.
     0 | D:1      | Reached XP level 1. HP: 14/14 MP: 1/1
    31 | D:1      | Found a faded altar of an unknown god.
   111 | D:1      | Reached XP level 2. HP: 11/19 MP: 2/2
   543 | D:1      | Reached XP level 3. HP: 23/23 MP: 3/3
   698 | D:2      | Noticed Natasha
   703 | D:2      | Killed Natasha
   828 | D:2      | Reached XP level 4. HP: 28/29 MP: 4/4
   833 | D:2      | Noticed Natasha
   843 | D:2      | Killed Natasha
  1041 | D:2      | Noticed Robin
  1147 | D:2      | Noticed Natasha
  1173 | D:2      | Killed Natasha
  1174 | D:2      | Reached XP level 5. HP: 14/33 MP: 5/5
  1264 | D:2      | Found Atsezuz's Book Shoppe.
  1302 | D:2      | Identified the +1 hand axe of Eternal Night {protect, rN+
                  | Will+ Str-5 Stlth+}
  1432 | D:2      | Killed Robin
  1586 | D:2      | Found a runed translucent door.
  1587 | D:2      | Noticed Crazy Yiuf
  1641 | D:2      | Killed Crazy Yiuf
  1724 | D:3      | You fall into a shaft and drop 1 floor!
  1755 | D:4      | Reached XP level 6. HP: 25/39 MP: 6/6
  1879 | D:4      | Noticed a steam dragon
  1906 | D:4      | Found a glowing drain.
  1912 | D:4      | HP: 1/39 [something/ball of steam (8)]
  1913 | D:4      | Engulfed by a steam dragon's steam

Illustrated notes

Levels and vault maps discovered:
D:1:      dpeg_arrival_more_subterranean_lakeside_camping, layout_basic,
          dreamdust_ecumenical_altar_grove, minmay_tetromino_l4
D:2:      layout_basic, serial_shops, shop, minivault_11,
          kennysheep_generic_room_5, uniq_natasha, uniq_robin,
          uniq_crazy_yiuf_cottage
D:3:      layout_loops_corners, lemuel_tele_altar, lemuel_crystal_altar,
          nrook_loot_triangle, uniq_sigmund
D:4:      layout_rooms, minmay_temple_entry_large_hall, gup_sewer_entry_glass

Skill      XL: |  1  2  3  4 |
---------------+-------------+-----
Fighting       | 4 |  4.7
Armour         | 4 |  4.7
Shields        | 4 |  4.7
Maces & Flails | 3 |  3.6

Action                     |  1- 3 |  4- 6 || total
---------------------------+-------+-------++-------
  Melee: Flail             |    83 |   135 ||   218
    Use: Scroll            |       |     7 ||     7
 Armour: Scale mail        |    72 |   113 ||   185
  Dodge: Dodged            |    26 |    67 ||    93
  Block: Buckler           |    13 |    26 ||    39

Table legend: (Time is in decaauts)
 A = Elapsed time spent in this place.
 B = Non-inter-level travel time spent in this place.
 C = Inter-level travel time spent in this place.
 D = Time resting spent in this place.
 E = Time spent auto-exploring this place.
 F = Levels seen in this place.
 G = Mean time per level.
                   A        B        C        D        E       F      G
               +--------+--------+--------+--------+--------+-----+--------+
         Total |   1975 |   1875 |    100 |     75 |   1132 |   4 |  493.8 |
       Dungeon |   1975 |   1875 |    100 |     75 |   1132 |   4 |  493.8 |
               +--------+--------+--------+--------+--------+-----+--------+

Top non-repeatable levels by time:
     D:2: 1000 daAuts
     D:1: 748 daAuts
     D:4: 200 daAuts
     D:3: 25 daAuts
